 Dungeon Crawl Stone Soup version 0.29-a0-451-gfbfa42419e (webtiles) character file.

Game seed: 12978564710989317929

2 zeratav the Magician (level 1, -2/15 HPs)
             Began as a Djinni Conjurer on May 19, 2022.
             Slain by a kobold
             ... wielding a +0 short sword
              (5 damage)
             ... on level 1 of the Dungeon.
             The game lasted 00:00:23 (447 turns).

zeratav the Magician (Djinni Conjurer)               Turns: 447, Time: 00:00:24

Health: -2/15      AC:  2    Str:  6    XL:     1   Next: 44%
Gold:   22         EV: 12    Int: 19    God:
                   SH:  0    Dex: 11

rFire   + + .      SeeInvis .   (no weapon)
rCold   x . .      Faith    .   (no shield)
rNeg    . . .      Spirit   .   a - +0 robe
rPois   ∞          Reflect  .   (no helmet)
rElec   .          Harm     .   (no cloak)
rCorr   .          Rampage  .   (no gloves)
Will    .....                   (boots unavailable)
Stlth   ++........              (no amulet)
HPRegen 0.05/turn               (no ring)
MPRegen 0.00/turn               (no ring)

@: flying
A: sickness immunity, fire resistance 2, cold vulnerability 1, float, innate
caster, HP casting, extra vitality 1
a: no special abilities


You were on level 1 of the Dungeon.
You visited 1 branch of the dungeon, and saw 1 of its levels.

You collected 22 gold pieces.


Innate Abilities, Weirdness & Mutations

You are immune to sickness and miasma.
You are immune to poison.
Your flesh is very heat resistant. (rF++)
You are vulnerable to cold. (rC-)
You float through the air rather than walking.
You learn spells naturally, not from books.
Your magical power is your life essence.
You have superior vitality. (+4 MHP)


   Skills:
 + Level 0.2 Fighting
 - Level 2.1 Dodging
 - Level 1.5 Stealth
 * Level 3.3 Spellcasting


You couldn't memorise any spells.
You knew the following spells:

 Your Spells              Type           Power      Damage    Failure   Level
a - Magic Dart            Conj           60%        1d6       3%          1
b - Searing Ray           Conj           30%        2d5       5%          2
c - Dazzling Flash        Conj/Hex       30%        N/A       11%         3
d - Fulminant Prism       Conj/Hex       7%         3d7       36%         4
e - Iskenderun's Mystic   Conj/Tloc      15%        2d5       36%         4
Your spell library was empty.

Inventory:

Armour
 a - a +0 robe (worn)
 c - a +0 leather armour
   (You found it on level 1 of the Dungeon)
Scrolls
 b - a scroll of noise {unknown}

Dungeon Overview and Level Annotations

Branches:
Dungeon (1/15)

Altars:

#. #.#.# ##.. #.#.#
#.#.# #.#.#####
....###+#######.#......
#.#.#............######.
....................##.
#.#.#......#########.##.
....K.†....###. #.##.
.#.#.K@.......# #.##.
....>......###.# #.##.
#.#.###......# #.##. ..
#.##.#.# #.### ..
#.##.#.# #.... #.# .# #
##### #.. .# #..


You could see 2 kobolds.


Message History

🤖 Initializing magus.rc ...
Bad channel name for runrest: 'pray:' ✅ Successfully initialized magus.rc [v1.9.6] Welcome, zeratav the Djinni Conjurer.
Everyone else who sought the Orb of Zot has failed.
Will you be different?
Press ? for a list of commands and other information.
Found a staircase leading out of the dungeon.
You begin with the following spells memorised: Magic Dart, Searing Ray, Dazzling Flash, Fulminant Prism, Iskenderun's Mystic Blast.
You reach down and open the door.
There is an open door here.
The book of the Wilderness burns to shimmering ash in your grasp.
b - a scroll labelled UPNAAG PIES
Found a stone staircase leading down.
You now have 12 gold pieces.
Found a stone staircase leading down.
You now have 22 gold pieces (gained 10).
c - a +0 leather armour An endoplasm comes into view.
An endoplasm is nearby!
The magic dart hits the endoplasm.
The endoplasm quivers.
HP[-1]
You take 1 damage, and now have 14/15 hp.
The magic dart hits the endoplasm.
You kill the endoplasm!
HP[-1]
You take 1 damage, and now have 13/15 hp.
You start resting.
HP[+2]
Your hp is fully restored (15).
The book of Dreams burns to shimmering ash in your grasp.
There is a stone staircase leading down here.
Found a stone staircase leading down.
A ball python comes into view.
A giant cockroach comes into view.
The magic dart hits the ball python.
The ball python hisses angrily.
You hear a shout!
A kobold comes into view. It is wielding a +0 short sword.
HP[-1]
You take 1 damage, and now have 14/15 hp.
The magic dart hits the giant cockroach but does no damage.
HP[-1]
You take 1 damage, and now have 13/15 hp.
The magic dart hits the ball python.
You kill the ball python!
The giant cockroach closely misses you.
HP[-1]
You take 1 damage, and now have 12/15 hp.
The magic dart hits the giant cockroach but does no damage.
The giant cockroach bites you.
A kobold comes into view. It is wielding a +0 dagger.
HP[-3]
You take 3 damage, and now have 9/15 hp.
You are too injured to fight recklessly!
You are too injured to fight recklessly!
Casting: Magic Dart (safe; 3% risk of failure)
Confirm with . or Enter, or press ? or * to list all spells.
Aiming: Magic Dart (safe; 3% risk of failure)
Press: ? - help, Shift-Dir - straight line, f/p - giant cockroach
Aim: a giant cockroach (100% to hit)
The magic dart hits the giant cockroach but does no damage.
The giant cockroach barely misses you.
HP[-1]
You take 1 damage, and now have 8/15 hp.
Casting: Magic Dart (safe; 3% risk of failure)
Confirm with . or Enter, or press ? or * to list all spells.
Aiming: Magic Dart (safe; 3% risk of failure)
Press: ? - help, Shift-Dir - straight line, f/p - giant cockroach
Aim: a giant cockroach (100% to hit)
The magic dart hits the giant cockroach but does no damage.
* * * LOW HITPOINT WARNING * * *
The giant cockroach bites you but does no damage. x2
HP[-1]
You take 1 damage, and now have 7/15 hp.
Casting: Magic Dart (safe; 3% risk of failure)
Confirm with . or Enter, or press ? or * to list all spells.
Aiming: Magic Dart (safe; 3% risk of failure)
Press: ? - help, Shift-Dir - straight line, f/p - giant cockroach
Aim: a giant cockroach (100% to hit)
The magic dart hits the giant cockroach.
* * * LOW HITPOINT WARNING * * *
The giant cockroach bites you.
* * * LOW HITPOINT WARNING * * *
HP[-3]
You take 3 damage, and now have 4/15 hp.
Casting: Magic Dart (safe; 3% risk of failure)
Confirm with . or Enter, or press ? or * to list all spells.
Aiming: Magic Dart (safe; 3% risk of failure)
Press: ? - help, Shift-Dir - straight line, f/p - giant cockroach
Aim: a giant cockroach (severely wounded, 100% to hit)
The magic dart hits the giant cockroach.
You kill the giant cockroach!
* * * LOW HITPOINT WARNING * * *
The kobold hits you with a +0 short sword.
You die...

Action                   || total
-------------------------++-------
 Cast: Magic Dart        ||    10
Armor: Robe              ||     2
Dodge: Dodged            ||     2

Levels and vault maps discovered:
D:1:      psy_arrival_basics, layout_basic, st_stairs_9

Notes
Turn   | Place    | Note
-------+----------+-------------------------------------------
     0 | D:1      | zeratav the Djinni Conjurer began the quest for the Orb.
     0 | D:1      | Reached XP level 1. HP: 15/15 MP: 0/0
     0 | D:1      | magus.rc [v1.9.6]
   447 | D:1      | Slain by a kobold

Vanquished Creatures
  A ball python (D:1)
  An endoplasm (D:1)
  A giant cockroach (D:1)
3 creatures vanquished.

Table legend:
 A = Non-vault XP
 B = Vault XP
 C = Vault XP percentage of total XP
 D = Non-vault monster count
 E = Vault monster count
 F = Vault count percentage of total count
                 A         B        C        D         E       F
            +---------+---------+-------+---------+---------+-------
      Total |       4 |       2 |  33.3 |       2 |       1 |  33.3
            +---------+---------+-------+---------+---------+-------
        D:1 |       4 |       2 |  33.3 |       2 |       1 |  33.3
            +---------+---------+-------+---------+---------+-------

Illustrated notes

Table legend:
 A = Kills in this place as a percentage of kills in entire the game.
 B = Kills by you in this place as a percentage of kills by you in the entire game.
 C = Kills by friends in this place as a percentage of kills by friends in the entire game.
 D = Other kills in this place as a percentage of other kills in the entire game.
 E = Experience gained in this place as a percentage of experience gained in the entire game.
 F = Experience gained in this place divided by the number of levels of this place that you have seen.
                   A       B       C       D       E      F
               +-------+-------+-------+-------+-------+----------------------
         Total | 100.0 | 100.0 |   N/A |   N/A | 100.0 |   6.0
       Dungeon | 100.0 | 100.0 |   N/A |   N/A | 100.0 |   6.0
               +-------+-------+-------+-------+-------+----------------------

Table legend: (Time is in decaauts)
 A = Elapsed time spent in this place.
 B = Non-inter-level travel time spent in this place.
 C = Inter-level travel time spent in this place.
 D = Time resting spent in this place.
 E = Time spent auto-exploring this place.
 F = Levels seen in this place.
 G = Mean time per level.
                   A        B        C        D        E       F      G
               +--------+--------+--------+--------+--------+-----+--------+
         Total |    447 |    447 |      0 |     36 |    380 |   1 |  447.0 |
       Dungeon |    447 |    447 |      0 |     36 |    380 |   1 |  447.0 |
               +--------+--------+--------+--------+--------+-----+--------+

Top non-repeatable levels by time:
     D:1: 447 daAuts
